 Dungeon Crawl Stone Soup version 0.17-a0-1295-gefc790a (webtiles) character file.

220 MonkeyBuisness the Skirmisher (level 5, -7/34 HPs)
             Began as a Gargoyle Fighter on June 7, 2015.
             Mangled by an ogre
             ... wielding a +0 giant spiked club
              (22 damage)
             ... on level 4 of the Dungeon.
             The game lasted 00:07:02 (3114 turns).

MonkeyBuisness the Skirmisher (Gargoyle Fighter)    Turns: 3114, Time: 00:07:03

Health: -7/34      AC: 11    Str: 25    XL:     5   Next: 97%
Magic:  5/5        EV:  8    Int:  9    God:
Gold:   264        SH:  9    Dex:  9    Spells: 0 memorised, 4 levels left

rFire  . . .     SeeInvis .     a - +0 war axe
rCold  . . .     Clarity  .     b - +0 scale mail
rNeg   + . .     SustAt   .     c - +0 shield
rPois  ∞         Gourm    .     (no helmet)
rElec  +         Spirit   .     (no cloak)
rCorr  .         Warding  .     (no gloves)
rMut   .         Stasis   .     (no boots)
MR     .....                    (no amulet)
Stlth  ..........               (no ring)
                                (no ring)

@: mighty, not resistant to hostile enchantments, extremely unstealthy
A: negative energy resistance 1, electricity resistance, unbreathing,
petrification resistance, rot immunity, AC +4
a: no special abilities


You were on level 4 of the Dungeon.
You were full.

You visited 1 branch of the dungeon, and saw 4 of its levels.

You collected 264 gold pieces.

Inventory:

Hand weapons
 a - a +0 war axe (weapon)
Armour
 b - a +0 scale mail (worn)
 c - a +0 shield (worn)
Jewellery
 h - an uncursed ring of flight {unknown}
   (You found it on level 3 of the Dungeon)
 k - a cursed ring of loudness {unknown}
   (You found it on level 3 of the Dungeon)
 t - an uncursed amulet of clarity {unknown}
   (You found it on level 3 of the Dungeon)
 w - an uncursed ring of ice {unknown}
   (You found it on level 4 of the Dungeon)
Scrolls
 f - 3 scrolls of recharging {unknown}
 l - 2 scrolls of remove curse {unknown}
 n - 2 scrolls of enchant weapon {unknown}
 o - a scroll of blinking {unknown}
 p - 2 scrolls of amnesia {unknown}
 q - 2 scrolls of enchant armour {unknown}
Potions
 d - a potion of might
 g - 4 potions of curing
 i - 2 potions of magic
 m - a potion of mutation {unknown}
 r - 2 potions of brilliance {unknown}
 s - a potion of cancellation {unknown}
 u - a potion of agility {unknown}
 v - 2 potions of degeneration {unknown}
Miscellaneous
 x - a plain deck of escape
   (You found it on level 4 of the Dungeon)
Comestibles
 e - 3 bread rations {@e1}
 j - 2 meat rations {@e2}


   Skills:
 + Level 4.5 Fighting
 + Level 3.1 Axes
 + Level 4.3 Armour
 + Level 2.0 Dodging
 - Level 3.2 Shields


You had 4 spell levels left.
You didn't know any spells.

Dungeon Overview and Level Annotations

Branches:
Dungeon (4/15)
 Temple: D:4-7

Altars:
Elyvilon
Makhleb
Nemelex Xobeh
Qazlal


Innate Abilities, Weirdness & Mutations

You are resistant to torment.
Your stone body is resilient (AC +4).
You are immune to poison.
You resist negative energy.
You are resistant to electric shocks.
You can survive without breathing.
You are immune to petrification.
You are immune to rotting.


Message History

You slash the adder skeleton!
You destroy the adder skeleton!
No target in view!
No target in view!
You now have 252 gold pieces (gained 7).
A hound comes into view.
The hound barks!
Found 12 poisoned arrows.
Found an escape hatch in the ceiling.
A jackal skeleton comes into view.
You miss the hound. The hound bites you.
The hound bites you but does no damage. You block the hound's attack.
You take 2 damage, and have 31/34 hp.
You slash the hound! The hound bites you but does no damage.
The hound bites you but does no damage.
You closely miss the hound. You hit the jackal skeleton.
The jackal skeleton bites you but does no damage.
The hound bites you but does no damage. You block the jackal skeleton's attack.
You block the hound's attack.
A rat comes into view.
You closely miss the hound. You hit the jackal skeleton.
The hound bites you but does no damage. The jackal skeleton closely misses you.
The hound bites you.
The jackal skeleton bites you but does no damage.
You take 3 damage, and have 28/34 hp.
You hit the hound.
Your shield and scale mail prevent you from hitting the jackal skeleton.
The hound bites you. You block the jackal skeleton's attack.
The hound bites you but does no damage.
You take 1 damage, and have 27/34 hp.
You slash the hound!
You kill the hound!
Your Dodging skill increases to level 2!
You slash the jackal skeleton!
You destroy the jackal skeleton!
Your shield prevents you from hitting the rat.
The rat bites you but does no damage. You block the rat's attack.
You closely miss the rat. You block the rat's attack.
You slash the rat!
You kill the rat!
No target in view!
You start resting.
An adder comes into view.
An adder is nearby!
An adder is nearby!
The adder bites you but does no damage.
You closely miss the adder. The adder bites you but does no damage.
The adder bites you but does no damage.
You hit the adder but do no damage. You block the adder's attack.
You hit the adder. The adder barely misses you. The adder closely misses you.
You closely miss the adder. You block the adder's attack.
The adder closely misses you.
You hit the adder. You block the adder's attack.
The adder bites you but does no damage.
You hit the adder.
You kill the adder!
No target in view!
No target in view!
You start resting.
Health restored: 34
q - 2 scrolls labeled XEGHESEHOE (gained 1)
v - 2 black potions (gained 1)
l - 2 scrolls labeled MAJUJA QERHA (gained 1)
w - a knobbly sapphire ring A rat comes into view.
A rat is nearby!
Found a stone staircase leading down.
You closely miss the rat. You block the rat's attack.
You block the rat's attack.
You closely miss the rat. The rat bites you but does no damage.
You hit the rat.
You kill the rat!
No target in view!
r - 2 smoky purple potions (gained 1)
You now have 264 gold pieces (gained 12).
e - 3 bread rations {@e1} (gained 1)
Found a sparkling altar of Nemelex Xobeh.
No target in view!
No target in view!
x - a plain deck of cards
There is a sparkling altar of Nemelex Xobeh here.
n - 2 scrolls labeled KIPNAEZUXIE (gained 1)
An ogre comes into view. It is wielding a giant spiked club.
Sorry, you're not good enough to have a special ability.
Sorry, you're not good enough to have a special ability.
Drink which item? (? for menu, Esc to quit)
You feel very mighty all of a sudden.
You barely miss the ogre. The ogre barely misses you.
You barely miss the ogre.
The ogre hits you with a giant spiked club!!
Ouch! That really hurt!
You take 19 damage, and have 15/34 hp.
MASSIVE DAMAGE!!
You completely miss the ogre. The ogre completely misses you.
You slash the ogre! You block the ogre's attack.
You barely miss the ogre. You block the ogre's attack.
You barely miss the ogre. You block the ogre's attack.
You completely miss the ogre.
The ogre hits you with a giant spiked club!!
Ouch! That really hurt!
You die...

....# #...#######
########........)#
#................#
###.............[..#
#..................#
##..........#....[..####
.!....O@......_.........
##.......#.##.......####
#.......#.##.......# #
###.#####.##.......# #
..................# ##
.......................
).....#....####.##.#####
##### ###### #.##... #
.. ... #


You could see an ogre.

Vanquished Creatures
  A hound (D:4)
  An orc priest (D:3)
  A worker ant (D:3)
  4 adders
  An ooze (D:3)
  An adder skeleton (D:4)
  4 worms
  4 giant geckos
  4 orcs (D:3)
  11 bats
  A giant cockroach (D:1)
  8 goblins
  7 hobgoblins
  5 jackals
  14 kobolds
  A quokka (D:2)
  5 giant newts
  A jackal skeleton (D:4)
  7 rats
81 creatures vanquished.

Notes
Turn   | Place    | Note
--------------------------------------------------------------
     0 | D:1      | MonkeyBuisness the Gargoyle Fighter began the quest for the Orb.
     0 | D:1      | Reached XP level 1. HP: 14/14 MP: 1/1
   227 | D:1      | Reached skill level 2 in Axes
   227 | D:1      | Reached XP level 2. HP: 17/19 MP: 2/2
   509 | D:1      | Reached XP level 3. HP: 22/24 MP: 3/3
   625 | D:1      | Reached skill level 1 in Dodging
  1552 | D:2      | Found a white marble altar of Elyvilon.
  1569 | D:2      | Reached XP level 4. HP: 21/29 MP: 4/4
  1918 | D:3      | Reached skill level 4 in Fighting
  2027 | D:3      | Found a burning altar of Makhleb.
  2028 | D:3      | Found a stormy altar of Qazlal.
  2105 | D:3      | Reached skill level 4 in Armour
  2105 | D:3      | Reached XP level 5. HP: 10/33 MP: 5/5
  2839 | D:3      | Reached skill level 3 in Axes
  2964 | D:4      | Reached skill level 2 in Dodging
  3083 | D:4      | Found a sparkling altar of Nemelex Xobeh.
  3104 | D:4      | Noticed an ogre
  3114 | D:4      | Mangled by an ogre

Vault maps used:
D:1:      minmay_arrival_statue_studded
D:2:      elyvilon_altar_3, serial_glass, glass_columns_a, glass_columns_b
D:3:      gammafunk_temple_overflow_pools, minmay_vboxes
D:4:      nemelex_deck, fedhas_altar_1

Action                   |  1- 3 |  4- 6 || total
-------------------------+-------+-------++-------
Melee: War axe           |   128 |   201 ||   329
  Use: Scroll            |       |     3 ||     3
       Potion            |       |     1 ||     1
  Eat: Chunk             |     2 |       ||     2
       Bread ration      |       |     2 ||     2
       Royal jelly       |       |     1 ||     1

Vault maps used:
D:1:      minmay_arrival_statue_studded
D:2:      elyvilon_altar_3, serial_glass, glass_columns_a, glass_columns_b
D:3:      gammafunk_temple_overflow_pools, minmay_vboxes
D:4:      nemelex_deck, fedhas_altar_1

Table legend:
 A = Turns spent in this place as a percentage of turns spent in the entire game.
 B = Non-inter-level travel turns spent in this place as a percentage of non-inter-level travel turns spent in the entire game.
 C = Inter-level travel turns spent in this place as a percentage of turns spent in this place.
 D = Turns resting spent in this place as a percentage of non-inter-level travel turns spent in this place.
 E = Turns spent auto-exploring this place as a percentage of non-inter-level travel turns spent in this place.
 F = Non-inter-level travel turns spent in this place divided by the number of levels of this place that you've seen.
                   A       B       C       D       E      F
               +-------+-------+-------+-------+-------+----------------------
         Total | 100.0 | 100.0 |   0.3 |   0.7 |  13.9 | 218.2
       Dungeon | 100.0 | 100.0 |   0.3 |   0.7 |  13.9 | 218.2
               +-------+-------+-------+-------+-------+----------------------

Table legend:
 A = Kills in this place as a percentage of kills in entire the game.
 B = Kills by you in this place as a percentage of kills by you in the entire game.
 C = Kills by friends in this place as a percentage of kills by friends in the entire game.
 D = Other kills in this place as a percentage of other kills in the entire game.
 E = Experience gained in this place as a percentage of experience gained in the entire game.
 F = Experience gained in this place divided by the number of levels of this place that you have seen.
                   A       B       C       D       E      F
               +-------+-------+-------+-------+-------+----------------------
         Total | 100.0 | 100.0 |  -nan |  -nan | 100.0 |  78.8
       Dungeon | 100.0 | 100.0 |  -nan |  -nan | 100.0 |  78.8
               +-------+-------+-------+-------+-------+----------------------
